 Dungeon Crawl Stone Soup version 0.24.0-13-gcf9b319 (webtiles) character file.

Game seed: 5425517773170743483, levelgen mode: deterministic

149 Fang the Skirmisher (level 5, -3/33 HPs)
             Began as a Gargoyle Berserker on Dec 12, 2019.
             Was a Believer of Trog.
             Killed from afar by an orc wizard (5 damage)
             ... with a magic dart
             ... on level 4 of the Dungeon.
             The game lasted 00:01:58 (1074 turns).

Fang the Skirmisher (Gargoyle Berserker)            Turns: 1074, Time: 00:01:58

Health: -3/33      AC: 10    Str: 21    XL:     5   Next: 31%
Magic:  5/5        EV: 12    Int:  8    God:    Trog [**....]
Gold:   76         SH:  0    Dex:  9    Spells: 4/4 levels left

rFire    . . .     SeeInvis .   a - +0 hand axe
rCold    . . .     Gourm    .   (no shield)
rNeg     + . .     Faith    .   b - +0 animal skin
rPois    ∞         Spirit   .   (no helmet)
rElec    +         Reflect  .   (no cloak)
rCorr    .         Harm     .   (no gloves)
MR       .....                  (no boots)
Stlth    +.........             (no amulet)
HPRegen  0.11/turn              f - +1 ring of protection
MPRegen  0.09/turn              j - +3 ring of protection

@: berserk cooldown, slowed, very slow
A: negative energy resistance 1, electricity resistance, unbreathing,
petrification resistance, rot immunity, AC +4
a: Berserk, Trog's Hand, Renounce Religion


You were on level 4 of the Dungeon.
You worshipped Trog.
Trog was pleased with you.
You were near starving.

You visited 1 branch of the dungeon, and saw 3 of its levels.

You collected 76 gold pieces.

Inventory:

Hand Weapons
 a - a +0 hand axe (weapon)
Armour
 b - a +0 animal skin (worn)
Jewellery
 f - a +1 ring of protection (left hand)
 j - a +3 ring of protection (right hand)
 m - a cursed -5 ring of dexterity {unknown}
Wands
 l - a wand of paralysis (11)
Scrolls
 e - a scroll of remove curse {unknown}
 h - a scroll of fog {unknown}
 i - a scroll of identify {unknown}
Potions
 g - a potion of curing {unknown}
 k - a potion of flight {unknown}
Comestibles
 c - 3 rations
 d - 2 chunks of flesh


   Skills:
 + Level 4.2 Fighting
 + Level 3.5 Axes
 + Level 3.4 Armour
 + Level 2.5 Dodging


You had 4 spell levels left.
You didn't know any spells.
Your spell library was empty.

Dungeon Overview and Level Annotations

Branches:
Dungeon (2/15)

Altars:
Makhleb
Nemelex Xobeh


Innate Abilities, Weirdness & Mutations

You are resistant to torment.
Your stone body is resilient. (AC +4)
You are immune to poison.
You resist negative energy. (rN+)
You are resistant to electric shocks. (rElec)
You can survive without breathing.
You are immune to petrification.
You are immune to rotting.


Message History

a +0 short sword; a +0 scale mail; a +0 trident; 7 curare-tipped darts an orc corpse You miss something.
You hit the leopard gecko.
You kill the leopard gecko!
Trog accepts your kill. Something hits you.
* * * LOW HITPOINT WARNING * * *
You closely miss something. Something hits you but does no damage.
You miss something. Something hits you.
* * * LOW HITPOINT WARNING * * *
You miss something. Something hits you but does no damage.
You miss something.
You are no longer berserk.
You are exhausted.
You feel yourself slow down.
You miss something.
You hear some strange, mumbled words.
A magic dart appears from out of thin air!
The magic dart hits you.
You die...

...# #..# ##......
#).# ##...... ...#
##......#
#.###########.......#
.......... .........#
#.########
#.......#.#. #.######
#.......... .#÷#...#
#{@)#
#.#....#########†###
.#.#...##..........#
#.###.###.#......###
#. #.# #.#._.#....# #
#.###........###
#.......##.#.#
#.....>(..[###.#..#
#########..# #....#


There were no monsters in sight!

Vanquished Creatures
  An orc priest (D:4)
  An iguana (D:4)
  4 gnolls (D:2)
  2 adders (D:4)
  An ooze (D:1)
  A dart slug (D:1)
  4 leopard geckos
  2 orcs (D:4)
  2 bats
  3 giant cockroaches
  2 goblins
  A hobgoblin (D:2)
  A kobold (D:2)
  2 frilled lizards
  A rat (D:1)
28 creatures vanquished.

Notes
Turn   | Place    | Note
-------+----------+-------------------------------------------
     0 | D:1      | Fang the Gargoyle Berserker began the quest for the Orb.
     0 | D:1      | Reached XP level 1. HP: 14/14 MP: 1/1
   133 | D:1      | Reached XP level 2. HP: 12/19 MP: 2/2
   796 | D:2      | Reached XP level 3. HP: 23/23 MP: 3/3
   808 | D:2      | Found a sparkling altar of Nemelex Xobeh.
   823 | D:2      | Reached XP level 4. HP: 25/29 MP: 4/4
   963 | D:2      | You fall into a shaft and drop 2 floors!
   970 | D:4      | Reached ** piety under Trog
  1026 | D:4      | Reached skill level 4 in Fighting
  1034 | D:4      | Found a burning altar of Makhleb.
  1062 | D:4      | Reached XP level 5. HP: 7/33 MP: 5/5
  1071 | D:4      | HP: 2/49 [something (1)]
  1074 | D:4      | Killed from afar by an orc wizard

Levels and vault maps discovered:
D:1:      roderic_octagonal_star, layout_loops_ring
D:2:      layout_basic, lemuel_doored_altar, nicolae_overflow_hidden_temple,
          uniq_jessica
D:4:      layout_loops_ring, nicolae_overflow_crystal_walls, kennysheep_mini,
          gup_sewer_entry_bowl, bloody_makhleb

Skill      XL: |  1  2  3  4 |
---------------+-------------+-----
Axes           | 3 |  3.5
Dodging        | 2 |  2.5
Armour         | 3 |  3.4
Fighting       | 4 |  4.2

Action                   |  1- 3 |  4- 6 || total
-------------------------+-------+-------++-------
Melee: Hand axe          |    49 |    45 ||    94
Invok: Berserk           |     1 |     1 ||     2
 Stab: Sleeping          |     1 |       ||     1
  Eat: Chunk             |       |     1 ||     1
Armor: Animal skin       |    17 |    31 ||    48
Dodge: Dodged            |    34 |    40 ||    74
